2876 views
Uploaded 2020-02-02 16:29:59
Game version 1.32 / 1.32.1
20:20 long 4on4 ladder game on (8)Battleground_LV
Saved by BaDitO2
2876 views
Uploaded 2020-02-02 16:29:59
Game version 1.32 / 1.32.1
20:20 long 4on4 ladder game on (8)Battleground_LV


146 units @ 21.5k
/ 2.6k
85 buildings @ 9.8k
/ 4.1k


| Acolyte | 8 | 600 | / | 0 |
| Ghoul | 6 | 720 | / | 0 |
| Crypt Fiend | 19 | 4085 | / | 760 |
| Frost Wyrm | 4 | 1540 | / | 480 |
| Ogre Mauler | 1 | 300 | / | 0 |
| Forest Troll Shadow Priest | 1 | 195 | / | 10 |
| total: | 39 | 7440g | / | 1250w |
| Altar of Darkness | 1 | 180 | / | 50 |
| Ziggurat | 9 | 1350 | / | 450 |
| Crypt | 1 | 200 | / | 50 |
| Graveyard | 1 | 215 | / | 0 |
| Tomb of Relics | 1 | 130 | / | 30 |
| Sacrificial Pit | 1 | 75 | / | 150 |
| Boneyard | 1 | 175 | / | 200 |
| Halls of the Dead | 2 | 640 | / | 420 |
| Black Citadel | 1 | 325 | / | 230 |
| total: | 15 | 2325g | / | 930w |
| 0:06 | Acolyte |
| 0:06 | Acolyte |
| 0:14 | Altar of Darkness |
| 0:17 | Ziggurat |
| 0:41 | Crypt |
| 1:53 | Graveyard |
| 1:57 | Ghoul |
| 1:57 | Ghoul |
| 2:01 | Ghoul |
| 2:15 | Ziggurat |
| 2:23 | Ghoul |
| 2:25 | Ghoul |
| 2:35 | Vampiric Aura |
| 3:27 | Creature Attack |
| 3:28 | Crypt Fiend |
| 3:31 | Crypt Fiend |
| 4:13 | Creature Carapace |
| 4:14 | Crypt Fiend |
| 4:18 | Ziggurat |
| 4:21 | Ziggurat |
| 4:40 | Carrion Swarm |
| 4:56 | Crypt Fiend |
| 5:34 | Halls of the Dead |
| 6:04 | Acolyte |
| 6:13 | Crypt Fiend |
| 6:15 | Crypt Fiend |
| 6:22 | Halls of the Dead |
| 6:38 | Ghoul |
| 7:09 | Tomb of Relics |
| 7:20 | Crypt Fiend |
| 8:03 | Crypt Fiend |
| 8:08 | Ziggurat |
| 8:10 | Ziggurat |
| 8:14 | Crypt Fiend |
| 8:37 | Vampiric Aura |
| 9:12 | Improved Creature Attack |
| 9:13 | Crypt Fiend |
| 9:44 | Crypt Fiend |
| 10:14 | Death Coil |
| 11:14 | Improved Creature Carapace |
| 11:20 | Acolyte |
| 11:39 | Black Citadel |
| 12:22 | Web |
| 12:23 | Crypt Fiend |
| 12:57 | Burrow |
| 12:58 | Crypt Fiend |
| 13:38 | Ogre Mauler |
| 13:45 | Forest Troll Shadow Priest |
| 14:44 | Sleep |
| 15:03 | Crypt Fiend |
| 15:05 | Advanced Creature Attack |
| 15:36 | Unholy Aura |
| 15:54 | Acolyte |
| 15:54 | Acolyte |
| 15:54 | Acolyte |
| 15:54 | Acolyte |
| 16:06 | Sacrificial Pit |
| 16:10 | Crypt Fiend |
| 16:17 | Advanced Creature Carapace |
| 16:49 | Crypt Fiend |
| 17:35 | Death Coil |
| 17:42 | Crypt Fiend |
| 17:48 | Crypt Fiend |
| 17:48 | Crypt Fiend |
| 17:57 | Boneyard |
| 19:02 | Carrion Swarm |
| 19:36 | Unholy Aura |
| 19:47 | Ziggurat |
| 19:52 | Ziggurat |
| 19:57 | Ziggurat |
| 20:04 | Frost Wyrm |
| 20:05 | Frost Wyrm |
| 20:06 | Freezing Breath |
| 20:06 | Frost Wyrm |
| 20:11 | Frost Wyrm |
| Right click | 527 |
| Select | 192 |
| Select group | 72 |
| Build/train/purchase | 64 |
| Assign group | 42 |
| Misc. action | 39 |
| Use ability | 19 |
| Remove unit | 2 |

| Scroll of Regeneration | 6 | 600 |
| Lesser Clarity Potion | 5 | 350 |
| Potion of Mana | 3 | 600 |
| Potion of Healing | 1 | 150 |
| Scroll of Healing | 3 | 750 |
| Scroll of Town Portal | 5 | 1750 |
| Boots of Speed | 1 | 250 |
| Potion of Lesser Invulnerability | 1 | 150 |
| Scroll of Protection | 1 | 150 |
| total: | 26 | 4750g |
| Peasant | 14 | 1050 | / | 0 |
| Footman | 18 | 2430 | / | 0 |
| Siege Engine | 11 | 2145 | / | 660 |
| total: | 43 | 5625g | / | 660w |
| Scout Tower | 4 | 120 | / | 80 |
| Guard Tower | 3 | 210 | / | 150 |
| Arcane Tower | 1 | 70 | / | 50 |
| Altar of Kings | 1 | 180 | / | 50 |
| Farm | 13 | 1040 | / | 260 |
| Barracks | 2 | 320 | / | 120 |
| Arcane Vault | 1 | 130 | / | 30 |
| Town Hall | 1 | 385 | / | 205 |
| Lumber Mill | 3 | 360 | / | 0 |
| Blacksmith | 1 | 140 | / | 60 |
| Workshop | 4 | 560 | / | 560 |
| Keep | 1 | 320 | / | 210 |
| Castle | 1 | 360 | / | 210 |
| total: | 30 | 3235g | / | 1365w |
| 0:03 | Peasant |
| 0:04 | Peasant |
| 0:07 | Altar of Kings |
| 0:21 | Farm |
| 0:24 | Barracks |
| 0:27 | Peasant |
| 0:43 | Peasant |
| 0:55 | Peasant |
| 1:07 | Farm |
| 1:10 | Peasant |
| 1:30 | Footman |
| 1:35 | Arcane Vault |
| 1:42 | Peasant |
| 1:43 | Peasant |
| 1:55 | Footman |
| 2:12 | Blizzard |
| 2:17 | Footman |
| 2:24 | Farm |
| 2:27 | Farm |
| 2:44 | Footman |
| 3:17 | Footman |
| 3:21 | Farm |
| 3:25 | Barracks |
| 3:39 | Defend |
| 3:46 | Farm |
| 3:58 | Scroll of Regeneration |
| 4:02 | Lesser Clarity Potion |
| 4:50 | Peasant |
| 4:52 | Peasant |
| 5:03 | Footman |
| 5:24 | Town Hall |
| 5:27 | Lumber Mill |
| 5:32 | Scout Tower |
| 5:32 | Scout Tower |
| 5:33 | Scout Tower |
| 5:35 | Scout Tower |
| 5:44 | Summon Water Elemental |
| 5:47 | Footman |
| 5:52 | Scroll of Regeneration |
| 5:53 | Lesser Clarity Potion |
| 6:02 | Peasant |
| 6:37 | Footman |
| 6:42 | Peasant |
| 7:03 | Footman |
| 7:32 | Footman |
| 7:37 | Scroll of Healing |
| 7:46 | Boots of Speed |
| 7:52 | Blizzard |
| 8:02 | Peasant |
| 8:02 | Peasant |
| 8:04 | Keep |
| 8:43 | Footman |
| 8:44 | Footman |
| 8:44 | Footman |
| 8:56 | Footman |
| 9:12 | Footman |
| 9:27 | Summon Water Elemental |
| 9:36 | Footman |
| 9:36 | Footman |
| 9:59 | Blacksmith |
| 10:03 | Scroll of Regeneration |
| 10:03 | Lesser Clarity Potion |
| 10:19 | Guard Tower |
| 10:20 | Guard Tower |
| 10:22 | Guard Tower |
| 10:23 | Arcane Tower |
| 10:26 | Scroll of Town Portal |
| 10:27 | Potion of Lesser Invulnerability |
| 10:27 | Scroll of Healing |
| 10:28 | Scroll of Protection |
| 10:36 | Footman |
| 10:41 | Castle |
| 11:22 | Black Gunpowder |
| 11:22 | Iron Plating |
| 11:29 | Improved Lumber Harvesting |
| 12:00 | Workshop |
| 12:03 | Workshop |
| 12:31 | Scroll of Town Portal |
| 12:32 | Scroll of Healing |
| 12:44 | Workshop |
| 13:25 | Workshop |
| 13:51 | Scroll of Regeneration |
| 13:52 | Scroll of Town Portal |
| 14:28 | Blizzard |
| 14:38 | Barrage |
| 14:57 | Siege Engine |
| 15:05 | Scroll of Town Portal |
| 15:06 | Scroll of Regeneration |
| 15:08 | Potion of Mana |
| 15:08 | Lesser Clarity Potion |
| 15:24 | Siege Engine |
| 15:29 | Lumber Mill |
| 15:37 | Lumber Mill |
| 15:43 | Siege Engine |
| 16:02 | Siege Engine |
| 16:08 | Farm |
| 16:09 | Farm |
| 16:09 | Farm |
| 16:31 | Siege Engine |
| 16:34 | Scroll of Regeneration |
| 16:35 | Lesser Clarity Potion |
| 16:36 | Scroll of Town Portal |
| 16:36 | Potion of Mana |
| 16:46 | Potion of Mana |
| 16:47 | Potion of Healing |
| 16:53 | Siege Engine |
| 16:56 | Farm |
| 17:06 | Siege Engine |
| 17:30 | Siege Engine |
| 17:35 | Advanced Lumber Harvesting |
| 17:44 | Siege Engine |
| 18:03 | Farm |
| 18:36 | Siege Engine |
| 18:50 | Farm |
| 19:14 | Mass Teleport |
| 19:35 | Farm |
| 19:47 | Siege Engine |
| 20:13 | Summon Water Elemental |
| Right click | 725 |
| Select group | 456 |
| Select | 230 |
| Build/train/purchase | 158 |
| Misc. action | 70 |
| Assign group | 32 |
| Use ability | 31 |
| Chat | 19 |
| Esc | 5 |

| Scroll of Town Portal | 1 | 350 |
| total: | 1 | 350g |
| Peasant | 16 | 1200 | / | 0 |
| Footman | 6 | 810 | / | 0 |
| Gryphon Rider | 7 | 1960 | / | 490 |
| total: | 29 | 3970g | / | 490w |
| Scout Tower | 4 | 120 | / | 80 |
| Guard Tower | 3 | 210 | / | 150 |
| Altar of Kings | 1 | 180 | / | 50 |
| Farm | 10 | 800 | / | 200 |
| Barracks | 1 | 160 | / | 60 |
| Blacksmith | 1 | 140 | / | 60 |
| Lumber Mill | 1 | 120 | / | 0 |
| Arcane Vault | 1 | 130 | / | 30 |
| Town Hall | 1 | 385 | / | 205 |
| Gryphon Aviary | 3 | 420 | / | 450 |
| Keep | 1 | 320 | / | 210 |
| Castle | 2 | 720 | / | 420 |
| total: | 23 | 2455g | / | 1135w |
| 0:09 | Peasant |
| 0:09 | Peasant |
| 0:09 | Peasant |
| 0:30 | Altar of Kings |
| 0:36 | Peasant |
| 0:42 | Farm |
| 0:57 | Barracks |
| 1:12 | Peasant |
| 1:13 | Peasant |
| 1:20 | Farm |
| 1:39 | Peasant |
| 1:39 | Peasant |
| 1:57 | Farm |
| 2:01 | Footman |
| 2:05 | Peasant |
| 2:06 | Peasant |
| 2:06 | Peasant |
| 2:13 | Footman |
| 2:25 | Peasant |
| 2:34 | Farm |
| 2:43 | Storm Bolt |
| 2:46 | Footman |
| 2:55 | Peasant |
| 3:04 | Footman |
| 3:11 | Farm |
| 3:55 | Keep |
| 3:57 | Footman |
| 4:29 | Farm |
| 4:33 | Blacksmith |
| 4:40 | Lumber Mill |
| 5:09 | Farm |
| 6:30 | Castle |
| 6:44 | Peasant |
| 6:44 | Peasant |
| 6:44 | Peasant |
| 6:48 | Footman |
| 6:50 | Iron Forged Swords |
| 7:05 | Studded Leather Armor |
| 7:30 | Scout Tower |
| 7:39 | Scout Tower |
| 7:43 | Improved Lumber Harvesting |
| 8:03 | Castle |
| 8:10 | Scout Tower |
| 8:12 | Guard Tower |
| 8:13 | Guard Tower |
| 8:16 | Scout Tower |
| 8:23 | Steel Forged Swords |
| 8:42 | Thunder Clap |
| 9:20 | Guard Tower |
| 9:26 | Gryphon Aviary |
| 9:30 | Gryphon Aviary |
| 9:47 | Storm Bolt |
| 9:59 | Reinforced Leather Armor |
| 11:03 | Farm |
| 11:06 | Gryphon Rider |
| 11:22 | Arcane Vault |
| 11:50 | Gryphon Rider |
| 11:54 | Mithril Forged Swords |
| 12:37 | Farm |
| 12:46 | Animal War Training |
| 13:04 | Town Hall |
| 13:38 | Scroll of Town Portal |
| 14:14 | Storm Hammers |
| 14:17 | Gryphon Rider |
| 15:38 | Dragonhide Armor |
| 15:40 | Gryphon Rider |
| 16:12 | Gryphon Aviary |
| 16:15 | Gryphon Rider |
| 17:26 | Thunder Clap |
| 17:52 | Gryphon Rider |
| 18:53 | Gryphon Rider |
| 18:58 | Farm |
| Select | 170 |
| Misc. action | 113 |
| Build/train/purchase | 60 |
| Chat | 32 |
| Use ability | 14 |
| Right click | 2 |



| Scroll of Regeneration | 2 | 200 |
| Lesser Clarity Potion | 1 | 70 |
| Scroll of Town Portal | 1 | 350 |
| total: | 4 | 620g |
| Peasant | 10 | 750 | / | 0 |
| Footman | 11 | 1485 | / | 0 |
| Sorceress | 4 | 620 | / | 80 |
| Priest | 7 | 945 | / | 70 |
| Spell Breaker | 3 | 645 | / | 90 |
| total: | 35 | 4445g | / | 240w |
| Altar of Kings | 1 | 180 | / | 50 |
| Farm | 10 | 800 | / | 200 |
| Barracks | 1 | 160 | / | 60 |
| Lumber Mill | 1 | 120 | / | 0 |
| Arcane Vault | 1 | 130 | / | 30 |
| Blacksmith | 1 | 140 | / | 60 |
| Arcane Sanctum | 2 | 300 | / | 280 |
| Keep | 1 | 320 | / | 210 |
| Castle | 1 | 360 | / | 210 |
| total: | 17 | 1830g | / | 680w |
| 0:11 | Altar of Kings |
| 0:13 | Peasant |
| 0:13 | Peasant |
| 0:32 | Farm |
| 0:36 | Barracks |
| 0:51 | Peasant |
| 1:01 | Farm |
| 1:04 | Peasant |
| 1:25 | Farm |
| 1:42 | Footman |
| 1:42 | Footman |
| 1:55 | Footman |
| 1:57 | Peasant |
| 2:04 | Lumber Mill |
| 2:06 | Footman |
| 2:31 | Summon Water Elemental |
| 2:39 | Footman |
| 2:39 | Footman |
| 2:41 | Peasant |
| 3:01 | Footman |
| 3:23 | Farm |
| 3:25 | Farm |
| 3:55 | Keep |
| 3:57 | Footman |
| 4:16 | Brilliance Aura |
| 4:26 | Arcane Vault |
| 4:45 | Footman |
| 4:47 | Defend |
| 5:10 | Footman |
| 5:49 | Footman |
| 6:13 | Scroll of Regeneration |
| 6:13 | Lesser Clarity Potion |
| 6:23 | Farm |
| 6:44 | Farm |
| 6:45 | Farm |
| 6:45 | Farm |
| 6:46 | Farm |
| 7:07 | Summon Water Elemental |
| 7:36 | Castle |
| 7:45 | Improved Lumber Harvesting |
| 8:08 | Holy Light |
| 9:13 | Arcane Sanctum |
| 9:13 | Arcane Sanctum |
| 9:45 | Brilliance Aura |
| 9:56 | Divine Shield |
| 10:06 | Peasant |
| 10:06 | Peasant |
| 10:06 | Peasant |
| 10:06 | Peasant |
| 10:08 | Advanced Lumber Harvesting |
| 11:08 | Sorceress |
| 11:09 | Sorceress Adept Training |
| 11:09 | Priest Adept Training |
| 11:10 | Control Magic |
| 11:19 | Storm Bolt |
| 11:32 | Priest |
| 11:33 | Priest |
| 11:34 | Spell Breaker |
| 11:54 | Sorceress Master Training |
| 11:56 | Priest Master Training |
| 12:03 | Spell Breaker |
| 12:04 | Priest |
| 12:04 | Sorceress |
| 12:07 | Scroll of Regeneration |
| 12:57 | Blacksmith |
| 14:55 | Holy Light |
| 15:33 | Storm Bolt |
| 15:33 | Storm Bolt |
| 15:50 | Summon Water Elemental |
| 16:07 | Bash |
| 16:16 | Scroll of Town Portal |
| 16:50 | Sorceress |
| 16:50 | Priest |
| 16:50 | Spell Breaker |
| 16:51 | Priest |
| 16:51 | Sorceress |
| 18:26 | Priest |
| 18:26 | Priest |
| 19:41 | Divine Shield |
| 20:08 | Mass Teleport |
| Right click | 475 |
| Select | 254 |
| Select group | 161 |
| Build/train/purchase | 122 |
| Misc. action | 82 |
| Assign group | 55 |
| Use ability | 32 |
| Minimap ping | 18 |
| Chat | 8 |
| Remove unit | 5 |
| Resource trade | 4 |
| Esc | 2 |
141 units @ 20.7k
/ 2.8k
69 buildings @ 9.6k
/ 3.9k

| Scroll of Town Portal | 2 | 700 |
| total: | 2 | 700g |
| Wisp | 11 | 660 | / | 0 |
| Archer | 7 | 910 | / | 70 |
| Glaive Thrower | 4 | 840 | / | 260 |
| Dryad | 4 | 580 | / | 240 |
| Huntress | 4 | 780 | / | 80 |
| Hippogryph | 5 | 800 | / | 100 |
| total: | 35 | 4570g | / | 750w |
| Altar of Elders | 1 | 180 | / | 50 |
| Moon Well | 10 | 1800 | / | 400 |
| Ancient of War | 2 | 300 | / | 120 |
| Hunter's Hall | 1 | 210 | / | 100 |
| Ancient of Wonders | 1 | 90 | / | 30 |
| Ancient of Lore | 1 | 155 | / | 145 |
| Ancient of Wind | 2 | 300 | / | 280 |
| Tree of Ages | 1 | 320 | / | 180 |
| Tree of Eternity | 1 | 330 | / | 200 |
| total: | 18 | 3035g | / | 1125w |
| 0:05 | Wisp |
| 0:05 | Wisp |
| 0:10 | Altar of Elders |
| 0:16 | Moon Well |
| 0:19 | Wisp |
| 0:35 | Wisp |
| 1:00 | Wisp |
| 1:11 | Ancient of War |
| 1:28 | Wisp |
| 1:36 | Moon Well |
| 1:46 | Wisp |
| 1:54 | Wisp |
| 2:00 | Moon Well |
| 2:13 | Archer |
| 2:14 | Archer |
| 2:20 | Wisp |
| 3:00 | Force of Nature |
| 3:22 | Tree of Ages |
| 3:26 | Moon Well |
| 3:32 | Archer |
| 3:32 | Archer |
| 3:50 | Hunter's Hall |
| 3:56 | Ancient of Wonders |
| 4:28 | Moon Well |
| 4:29 | Archer |
| 5:48 | Entangling Roots |
| 6:29 | Improved Bows |
| 6:30 | Archer |
| 6:30 | Archer |
| 6:32 | Glaive Thrower |
| 6:32 | Glaive Thrower |
| 6:45 | Wisp |
| 6:45 | Wisp |
| 6:49 | Ancient of Lore |
| 7:05 | Moon Well |
| 7:36 | Moon Well |
| 8:05 | Moon Well |
| 8:08 | Vorpal Blades |
| 8:33 | Abolish Magic |
| 8:34 | Dryad |
| 8:43 | Scroll of Town Portal |
| 8:48 | Scroll of Town Portal |
| 9:53 | Huntress |
| 9:54 | Huntress |
| 9:54 | Huntress |
| 9:54 | Huntress |
| 10:02 | Ancient of War |
| 10:07 | Ultravision |
| 10:41 | Glaive Thrower |
| 10:41 | Glaive Thrower |
| 10:45 | Dryad |
| 10:45 | Dryad |
| 10:45 | Dryad |
| 11:06 | Entangling Roots |
| 12:25 | Moon Well |
| 12:33 | Moon Well |
| 12:55 | Tree of Eternity |
| 13:59 | Ancient of Wind |
| 14:04 | Ancient of Wind |
| 15:21 | Hippogryph |
| 15:23 | Hippogryph |
| 16:46 | Hippogryph |
| 16:47 | Hippogryph |
| 16:47 | Hippogryph |
| Right click | 279 |
| Select | 202 |
| Build/train/purchase | 51 |
| Resource trade | 31 |
| Use ability | 28 |
| Select group | 20 |
| Remove unit | 6 |
| Assign group | 4 |
| Item give/drop | 2 |


| Scroll of Regeneration | 4 | 400 |
| Potion of Healing | 2 | 300 |
| Lesser Clarity Potion | 1 | 70 |
| Potion of Mana | 1 | 200 |
| Scroll of Town Portal | 3 | 1050 |
| total: | 11 | 2020g |
| Peasant | 13 | 975 | / | 0 |
| Rifleman | 13 | 2665 | / | 390 |
| Gryphon Rider | 8 | 2240 | / | 560 |
| Forest Troll Shadow Priest | 1 | 195 | / | 10 |
| total: | 35 | 6075g | / | 960w |
| Scout Tower | 1 | 30 | / | 20 |
| Arcane Tower | 1 | 70 | / | 50 |
| Altar of Kings | 1 | 180 | / | 50 |
| Farm | 10 | 800 | / | 200 |
| Barracks | 1 | 160 | / | 60 |
| Blacksmith | 1 | 140 | / | 60 |
| Arcane Vault | 1 | 130 | / | 30 |
| Lumber Mill | 1 | 120 | / | 0 |
| Town Hall | 2 | 770 | / | 410 |
| Gryphon Aviary | 2 | 280 | / | 300 |
| Arcane Sanctum | 1 | 150 | / | 140 |
| Keep | 1 | 320 | / | 210 |
| Castle | 1 | 360 | / | 210 |
| total: | 21 | 2760g | / | 1270w |
| 0:03 | Peasant |
| 0:03 | Peasant |
| 0:29 | Altar of Kings |
| 0:33 | Peasant |
| 0:35 | Farm |
| 0:40 | Peasant |
| 0:50 | Farm |
| 1:02 | Peasant |
| 1:07 | Barracks |
| 1:21 | Peasant |
| 1:31 | Blacksmith |
| 1:45 | Farm |
| 1:56 | Peasant |
| 2:04 | Peasant |
| 2:10 | Scout Tower |
| 2:25 | Arcane Vault |
| 2:37 | Holy Light |
| 2:47 | Rifleman |
| 2:51 | Peasant |
| 3:00 | Farm |
| 3:02 | Arcane Tower |
| 3:09 | Rifleman |
| 3:33 | Rifleman |
| 3:46 | Farm |
| 3:48 | Rifleman |
| 4:26 | Keep |
| 5:08 | Rifleman |
| 5:09 | Black Gunpowder |
| 5:27 | Divine Shield |
| 5:37 | Rifleman |
| 5:42 | Lumber Mill |
| 6:41 | Rifleman |
| 6:47 | Castle |
| 7:02 | Refined Gunpowder |
| 7:25 | Long Rifles |
| 7:31 | Holy Light |
| 7:47 | Town Hall |
| 7:52 | Gryphon Aviary |
| 7:56 | Improved Lumber Harvesting |
| 8:19 | Forest Troll Shadow Priest |
| 8:40 | Farm |
| 8:43 | Farm |
| 9:09 | Devotion Aura |
| 9:27 | Rifleman |
| 9:30 | Gryphon Rider |
| 9:37 | Scroll of Regeneration |
| 9:44 | Scroll of Town Portal |
| 9:50 | Potion of Healing |
| 11:33 | Storm Hammers |
| 11:35 | Rifleman |
| 11:35 | Rifleman |
| 11:52 | Peasant |
| 11:52 | Peasant |
| 11:52 | Peasant |
| 11:52 | Peasant |
| 11:59 | Farm |
| 12:01 | Farm |
| 12:30 | Imbued Gunpowder |
| 12:32 | Scroll of Regeneration |
| 12:35 | Lesser Clarity Potion |
| 12:38 | Scroll of Town Portal |
| 12:45 | Advanced Lumber Harvesting |
| 12:50 | Rifleman |
| 12:52 | Gryphon Rider |
| 12:56 | Gryphon Aviary |
| 13:09 | Storm Bolt |
| 13:43 | Gryphon Rider |
| 15:11 | Gryphon Rider |
| 15:18 | Scroll of Town Portal |
| 15:18 | Scroll of Regeneration |
| 15:26 | Town Hall |
| 15:30 | Farm |
| 15:36 | Rifleman |
| 15:58 | Gryphon Rider |
| 16:00 | Iron Forged Swords |
| 16:45 | Gryphon Rider |
| 17:30 | Holy Light |
| 17:37 | Gryphon Rider |
| 17:51 | Scroll of Regeneration |
| 17:53 | Potion of Mana |
| 17:59 | Potion of Healing |
| 18:25 | Gryphon Rider |
| 18:27 | Rifleman |
| 18:34 | Arcane Sanctum |
| Right click | 660 |
| Select | 301 |
| Build/train/purchase | 82 |
| Use ability | 24 |
| Assign group | 22 |
| Select group | 21 |
| Minimap ping | 2 |


| Acolyte | 7 | 525 | / | 0 |
| Ghoul | 16 | 1920 | / | 0 |
| Necromancer | 9 | 1305 | / | 180 |
| Abomination | 4 | 960 | / | 280 |
| total: | 36 | 4710g | / | 460w |
| Crypt | 1 | 200 | / | 50 |
| Ziggurat | 6 | 900 | / | 300 |
| Altar of Darkness | 1 | 180 | / | 50 |
| Graveyard | 1 | 215 | / | 0 |
| Temple of the Damned | 2 | 310 | / | 280 |
| Slaughterhouse | 2 | 280 | / | 270 |
| Halls of the Dead | 1 | 320 | / | 210 |
| Black Citadel | 1 | 325 | / | 230 |
| total: | 13 | 2085g | / | 950w |
| 0:04 | Acolyte |
| 0:04 | Acolyte |
| 0:07 | Crypt |
| 0:11 | Ziggurat |
| 0:33 | Altar of Darkness |
| 0:53 | Ziggurat |
| 1:11 | Ghoul |
| 1:27 | Ghoul |
| 1:46 | Ghoul |
| 1:54 | Graveyard |
| 2:03 | Ghoul |
| 2:16 | Ghoul |
| 2:36 | Ghoul |
| 2:50 | Vampiric Aura |
| 2:59 | Ghoul |
| 3:01 | Ghoul |
| 3:28 | Unholy Strength |
| 3:31 | Unholy Armor |
| 3:42 | Cannibalize |
| 3:54 | Carrion Swarm |
| 3:56 | Halls of the Dead |
| 4:17 | Ghoul |
| 4:49 | Ghoul |
| 5:33 | Ziggurat |
| 5:39 | Ziggurat |
| 6:18 | Vampiric Aura |
| 6:36 | Ghoul |
| 6:41 | Temple of the Damned |
| 6:47 | Temple of the Damned |
| 7:25 | Ghoul |
| 7:27 | Improved Unholy Strength |
| 7:32 | Death Coil |
| 8:03 | Necromancer Adept Training |
| 8:04 | Skeletal Mastery |
| 8:14 | Black Citadel |
| 9:22 | Necromancer |
| 9:24 | Ghoul |
| 9:27 | Improved Unholy Armor |
| 9:45 | Ghoul |
| 10:00 | Necromancer |
| 11:10 | Necromancer |
| 11:12 | Ghoul |
| 11:57 | Slaughterhouse |
| 11:59 | Acolyte |
| 11:59 | Acolyte |
| 11:59 | Acolyte |
| 12:00 | Acolyte |
| 12:00 | Acolyte |
| 12:06 | Slaughterhouse |
| 12:10 | Necromancer |
| 12:52 | Necromancer |
| 13:07 | Disease Cloud |
| 13:08 | Abomination |
| 13:12 | Ziggurat |
| 13:27 | Carrion Swarm |
| 13:49 | Necromancer Master Training |
| 13:54 | Advanced Unholy Strength |
| 15:08 | Unholy Aura |
| 15:26 | Abomination |
| 15:30 | Necromancer |
| 15:49 | Advanced Unholy Armor |
| 16:39 | Abomination |
| 16:41 | Necromancer |
| 16:43 | Ghoul |
| 16:49 | Ziggurat |
| 17:09 | Necromancer |
| 18:28 | Abomination |
| 18:31 | Necromancer |
| Right click | 600 |
| Select | 351 |
| Build/train/purchase | 64 |
| Use ability | 20 |
| Minimap ping | 2 |


| Peasant | 10 | 750 | / | 0 |
| Footman | 14 | 1890 | / | 0 |
| Knight | 11 | 2695 | / | 660 |
| total: | 35 | 5335g | / | 660w |
| Scout Tower | 2 | 60 | / | 40 |
| Guard Tower | 1 | 70 | / | 50 |
| Altar of Kings | 1 | 180 | / | 50 |
| Farm | 8 | 640 | / | 160 |
| Barracks | 3 | 480 | / | 180 |
| Lumber Mill | 1 | 120 | / | 0 |
| Blacksmith | 2 | 280 | / | 120 |
| Keep | 1 | 320 | / | 210 |
| Castle | 1 | 360 | / | 210 |
| total: | 17 | 1760g | / | 550w |
| 0:06 | Altar of Kings |
| 0:10 | Farm |
| 0:11 | Peasant |
| 0:11 | Peasant |
| 0:52 | Barracks |
| 0:54 | Peasant |
| 0:54 | Peasant |
| 0:55 | Peasant |
| 1:09 | Farm |
| 1:29 | Peasant |
| 1:53 | Footman |
| 1:54 | Footman |
| 1:54 | Footman |
| 2:00 | Farm |
| 2:22 | Bash |
| 2:34 | Peasant |
| 2:39 | Farm |
| 2:46 | Lumber Mill |
| 3:43 | Footman |
| 3:43 | Footman |
| 3:46 | Blacksmith |
| 3:51 | Barracks |
| 4:02 | Keep |
| 4:26 | Footman |
| 4:27 | Footman |
| 5:01 | Storm Bolt |
| 5:10 | Footman |
| 5:11 | Footman |
| 5:19 | Scout Tower |
| 5:23 | Scout Tower |
| 5:52 | Farm |
| 5:54 | Farm |
| 5:56 | Guard Tower |
| 6:00 | Defend |
| 6:49 | Iron Forged Swords |
| 6:49 | Iron Plating |
| 6:53 | Farm |
| 6:57 | Farm |
| 7:43 | Blacksmith |
| 8:11 | Castle |
| 8:32 | Holy Light |
| 9:11 | Footman |
| 9:11 | Footman |
| 11:06 | Footman |
| 11:06 | Footman |
| 11:06 | Footman |
| 11:08 | Knight |
| 11:08 | Knight |
| 11:09 | Knight |
| 11:28 | Storm Bolt |
| 12:18 | Sundering Blades |
| 12:19 | Animal War Training |
| 12:23 | Peasant |
| 12:27 | Peasant |
| 12:55 | Peasant |
| 13:24 | Steel Forged Swords |
| 13:35 | Improved Lumber Harvesting |
| 14:15 | Steel Plating |
| 14:54 | Divine Shield |
| 15:57 | Barracks |
| 16:05 | Mithril Forged Swords |
| 16:25 | Knight |
| 16:31 | Knight |
| 16:32 | Knight |
| 16:34 | Knight |
| 16:41 | Advanced Lumber Harvesting |
| 17:23 | Knight |
| 17:25 | Knight |
| 18:05 | Knight |
| 18:06 | Knight |
| 20:03 | Devotion Aura |
| Right click | 654 |
| Select | 362 |
| Build/train/purchase | 60 |
| Use ability | 16 |
| Remove unit | 4 |
| Minimap ping | 2 |
⇛